 Dungeon Crawl Stone Soup version 0.20-b1-24-gb21faa7 (webtiles) character file.

648 cereshysteria the Cudgeler (level 7, -9/61 HPs)
             Began as a Minotaur Fighter on May 26, 2017.
             Was a Believer of Zin.
             Mangled by Pikel
             ... wielding a +1 whip of electrocution
              (18 damage)
             ... on level 4 of the Dungeon.
             The game lasted 00:11:22 (4164 turns).

cereshysteria the Cudgeler (Minotaur Fighter)       Turns: 4164, Time: 00:11:23

Health: -9/61      AC:  9    Str: 22    XL:     7   Next: 27%
Magic:  5/6        EV:  9    Int:  6    God:    Zin [**....]
Gold:   181        SH: 11    Dex: 12    Spells: 6/6 levels left

rFire    . . .     SeeInvis .   i - +3 mace
rCold    . . .     Gourm    .   c - +1 shield
rNeg     . . .     Faith    .   b - +2 scale mail
rPois    ∞         Spirit   .   (helmet restricted)
rElec    .         Reflect  .   (no cloak)
rCorr    .         Harm     .   (no gloves)
MR       .....                  (no boots)
Stlth    ..........             (no amulet)
Regen    0.2/turn               (no ring)
MPRegen  0.1/turn               (no ring)

@: vitalised
A: retaliatory headbutt, horns 2
a: Recite, Vitalisation, Donate Gold, Renounce Religion


You were on level 4 of the Dungeon.
You worshipped Zin.
Zin was pleased with you.
You were not hungry.

You visited 1 branch of the dungeon, and saw 5 of its levels.

You collected 289 gold pieces.
You donated 108 gold pieces to Zin.

Inventory:

Hand Weapons
 a - a +0 war axe
 i - a +3 mace (weapon)
 r - a +1 spear of piercing
Missiles
 p - 43 stones (quivered)
Armour
 b - a +2 scale mail (worn)
 c - a +1 shield (worn)
Jewellery
 h - a cursed ring of stealth {unknown}
 j - an uncursed amulet of regeneration {unknown}
Wands
 m - a wand of digging (19/24)
 s - a wand of paralysis (10/24)
Scrolls
 d - a scroll of amnesia
 e - 5 scrolls of identify
 f - 2 scrolls of remove curse {unknown}
 g - 3 scrolls of teleportation
Potions
 n - a potion of agility {unknown}
Comestibles
 k - a fruit
 o - a royal jelly
 q - a meat ration


   Skills:
 * Level 5.4 Fighting
 - Level 2.8(4.5) Axes
 + Level 5.4(5.8) Maces & Flails
 + Level 5.4 Armour
 - Level 2.1 Dodging
 + Level 5.2 Shields


You had 6 spell levels left.
You didn't know any spells.

Dungeon Overview and Level Annotations

Branches:
Dungeon (5/15)
 Temple: D:4-7

Altars:
Qazlal
Trog
Yredelemnul
Zin
The Shining One

Annotations:
D:4 Pikel


Innate Abilities, Weirdness & Mutations

You reflexively headbutt those who attack you in melee.
You have a pair of horns on your head.


Message History

You completely miss Pikel.
Pikel is moderately wounded.
You block Pikel's attack.
You miss Pikel.
Pikel is moderately wounded.
You block Pikel's attack.
You hit Pikel but do no damage.
Pikel is moderately wounded.
Pikel hits you with a whip of electrocution.
You barely miss Pikel.
Pikel is moderately wounded.
Pikel hits you with a whip of electrocution.
You are electrocuted!
* * * LOW HITPOINT WARNING * * *
You closely miss Pikel.
Pikel is moderately wounded.
Pikel hits you with a whip of electrocution.
* * * LOW HITPOINT WARNING * * *
You are electrocuted!
You die...

#...#.### ###>..#
###....# ###...##.#
....####.#### .####
#....# .## ####.#
..## #.###########
...## #.##.K@.....#
##..## #.##........#
##..## #..#.[......#
##..######..........#
##.................#
##########........#
#........# #........#
#........#


You could see Pikel.

Vanquished Creatures
  A slave (D:5)
  The ghost of FakerFangirl the Cudgeler, an amateur DrFi (D:3)
  A centaur (D:4)
  The ghost of salade2fruit the Magician, an amateur DEAE of Vehumet (D:4)
  2 hounds
  A gnoll shaman (D:4)
  A bullfrog skeleton (D:4)
  Ijyb (D:5)
  An iguana (D:4)
  2 worker ants
  6 adders
  4 gnolls (D:4)
  An ooze (D:3)
  2 dart slugs
  2 worms (D:3)
  4 leopard geckos
  8 orcs (D:3)
  A ball python (D:3)
  4 giant cockroaches
  7 goblins
  4 hobgoblins
  10 jackals
  4 kobolds
  3 quokkas
  12 bats
  5 frilled lizards
  7 rats
  A plant (D:1)
97 creatures vanquished.

Vanquished Creatures (others)
  A plant (D:3)
1 creature vanquished.

Grand Total: 98 creatures vanquished

Notes
Turn   | Place    | Note
-------+----------+-------------------------------------------
     0 | D:1      | cereshysteria the Minotaur Fighter began the quest for the Orb.
     0 | D:1      | Reached XP level 1. HP: 19/19 MP: 0/0
   116 | D:1      | Reached XP level 2. HP: 11/27 MP: 1/1
   891 | D:1      | Reached XP level 3. HP: 32/33 MP: 2/2
  1116 | D:2      | Found a glowing silver altar of Zin.
  1684 | D:2      | Became a worshipper of Zin the Law-Giver
  1684 | D:2      | Reached * piety under Zin
  1685 | D:2      | Donated 80 gold pieces to Zin
  1772 | D:3      | Found a glowing golden altar of the Shining One.
  1790 | D:3      | Reached XP level 4. HP: 32/40 MP: 3/3
  1882 | D:3      | Noticed a moth of wrath
  1886 | D:3      | Found a bloodstained altar of Trog.
  2102 | D:3      | Reached skill level 1 in Maces & Flails
  2115 | D:3      | Reached skill level 1 in Dodging
  2466 | D:3      | Found a stormy altar of Qazlal.
  2471 | D:3      | Found a basalt altar of Yredelemnul.
  2545 | D:3      | Noticed FakerFangirl's ghost (amateur DrFi)
  2563 | D:3      | Killed FakerFangirl's ghost
  2563 | D:3      | Reached XP level 5. HP: 4/47 MP: 4/4
  3230 | D:4      | Noticed salade2fruit's ghost (amateur DEAE)
  3238 | D:4      | Killed salade2fruit's ghost
  3238 | D:4      | Reached XP level 6. HP: 43/55 MP: 5/5
  3413 | D:4      | Reached skill level 5 in Fighting
  3436 | D:4      | Reached skill level 5 in Armour
  3451 | D:4      | Reached skill level 5 in Shields
  3657 | D:4      | Reached ** piety under Zin
  3708 | D:4      | Reached skill level 5 in Maces & Flails
  3708 | D:4      | Reached XP level 7. HP: 30/61 MP: 6/6
  3947 | D:5      | Entered Level 5 of the Dungeon
  3967 | D:5      | Noticed Ijyb
  3974 | D:5      | Paralysed by Ijyb for 2 turns
  3980 | D:5      | Paralysed by Ijyb for 2 turns
  3985 | D:5      | Killed Ijyb
  4134 | D:5      | Noticed Pikel
  4164 | D:4      | Mangled by Pikel

Skill      XL: |  1  2  3  4  5  6 |
---------------+-------------------+-----
Shields        | 4 5 |  5.2
Fighting       | 4 5 |  5.4
Armour         | 4 5 |  5.4
Maces & Flails | 2 3 5 |  5.4
Dodging        | 1 2 |  2.1
Axes           | |  2.8

Action                   |  1- 3 |  4- 6 |  7- 9 || total
-------------------------+-------+-------+-------++-------
Melee: War axe           |    57 |       |       ||    57
       Headbutt          |    14 |    20 |     5 ||    39
       Mace              |    43 |   128 |    64 ||   235
Invok: Donate Gold       |     1 |       |       ||     1
       Vitalisation      |       |       |     1 ||     1
  Use: Scroll            |     5 |     3 |     1 ||     9
       Potion            |       |     1 |     1 ||     2
  Eat: Chunk             |     1 |     2 |       ||     3
       Bread ration      |       |     2 |       ||     2
       Fruit             |       |     1 |       ||     1
Armor: Scale mail        |    51 |    64 |    26 ||   141
Dodge: Dodged            |    36 |    46 |    14 ||    96
Block: Shield            |    46 |    79 |    24 ||   149
